 Dungeon Crawl Stone Soup version 0.21.1-1-g345015f (webtiles) character file.

87 iamserjio the Sneak (level 4, -3/33 HPs)
             Began as an Octopode Monk on Apr 5, 2018.
             Killed from afar by an orc wizard (8 damage)
             ... with a magic dart
             ... on level 3 of the Dungeon.
             The game lasted 00:10:24 (1942 turns).

iamserjio the Sneak (Octopode Monk)                 Turns: 1942, Time: 00:10:25

Health: -3/33      AC:  1    Str: 10    XL:     4   Next: 51%
Magic:  4/4        EV: 15    Int: 12    God:
Gold:   75         SH:  0    Dex: 15    Spells: 3/3 levels left

rFire    . . .     SeeInvis .   a - +0 spear
rCold    . . .     Gourm    .   (no shield)
rNeg     . . .     Faith    .   (helmet restricted)
rPois    .         Spirit   .   (no amulet)
rElec    .         Reflect  .   (no ring)
rCorr    .         Harm     .   (no ring)
MR       .....                  (no ring)
Stlth    ++++......             (no ring)
HPRegen  0.11/turn              (no ring)
MPRegen  0.09/turn              (no ring)
                                (no ring)
                                (no ring)

@: no status effects
A: almost no armour, stealthy swim, amphibious, 8 rings, constrict 8, camouflage
1, gelatinous body 1
a: no special abilities


You were on level 3 of the Dungeon.
You were very hungry.

You visited 1 branch of the dungeon, and saw 3 of its levels.

You collected 75 gold pieces.

Inventory:

Hand Weapons
 a - a +0 spear (weapon)
 c - a +0 hunting sling
 f - a +0 club
 y - a +0 dagger of pain
Missiles
 g - 60 stones (quivered)
 n - 4 tomahawks
 r - 35 sling bullets
 u - 32 poisoned needles
 x - 51 arrows
Armour
 p - a +0 buckler
 w - a +1 hat
Jewellery
 d - an uncursed amulet of rage {unknown}
 k - a cursed ring of teleportation {unknown}
Scrolls
 h - 6 scrolls of identify {unknown}
 i - 2 scrolls of amnesia {unknown}
 o - 2 scrolls of teleportation {unknown}
 q - a scroll of remove curse {unknown}
 v - a scroll of random uselessness {unknown}
Potions
 e - 2 potions of curing {unknown}
 j - a potion of resistance {unknown}
 l - 2 potions of degeneration {unknown}
 m - 2 potions of flight {unknown}
 s - a potion of brilliance {unknown}
 t - a potion of mutation {unknown}
 z - a potion of invisibility {unknown}
Comestibles
 b - 5 rations


   Skills:
 + Level 3.9 Fighting
 - Level 3.0 Polearms
 + Level 3.7 Dodging
 + Level 4.0 Stealth
 * Level 0.9 Shields


You had 3 spell levels left.
You didn't know any spells.

Dungeon Overview and Level Annotations

Branches:
Dungeon (3/15)

Altars:

Annotations:
D:3 Natasha


Innate Abilities, Weirdness & Mutations

You cannot wear most types of armour.
You are very stealthy in the water. (Stealth+)
You are amphibious.
You can wear up to eight rings at the same time.
You can use your tentacles to constrict eight enemies at once.
Your skin changes colour to match your surroundings (Stealth+).
Your rubbery body absorbs attacks. (AC +1, EV +1)


Message History

The orc wizard seems to speed up.
Found a potion of agility and a ration.
You see here a scroll labeled OLIGHO SEI.
The orc priest calls down the wrath of Beogh upon you.
Beogh smites you!
A bat comes into view.
Natasha casts a spell.
The orc wizard mumbles some strange words.
The orc wizard blinks!
Natasha casts a spell.
The orc wizard gestures at you while chanting.
The magic dart hits you!
Natasha mewls in sadness.
Natasha mumbles some strange words.
The orc wizard gestures at you while chanting.
The magic dart hits you!
* * * LOW HITPOINT WARNING * * *
The orc wizard casts a spell at you. The magic dart hits you!
You die...

##.####
####.#
#.....# #h#
#.....# #
#5# #.....#
.# #.#
#.....##..
#o#
..........
#o# .....>#
#.# ......#
#.# ......#
#@# .###.##
#.# .# #.#
#.#
##########
.# #.# #.#
#........#
.# #.# #.#
#.#####.##
.# #.# #.#
#.# #.# ##
#.#######
#.# #.# #.#
#.......#
#.# #.# #.#
######.##.#
#.# #.# #.#


You could see an orc wizard, Natasha, a crimson imp and an orc.

Vanquished Creatures
  3 adders (D:2)
  2 dart slugs
  A leopard gecko (D:1)
  7 bats
  2 giant cockroaches (D:1)
  9 goblins
  6 hobgoblins
  3 jackals (D:2)
  6 kobolds
  A quokka (D:2)
  A ball python (D:2)
  5 frilled lizards
  6 rats
52 creatures vanquished.

Notes
Turn   | Place    | Note
-------+----------+-------------------------------------------
     0 | D:1      | iamserjio the Octopode Monk began the quest for the Orb.
     0 | D:1      | Reached XP level 1. HP: 16/16 MP: 1/1
   403 | D:1      | Reached XP level 2. HP: 21/21 MP: 2/2
   507 | D:1      | Reached skill level 3 in Stealth
   820 | D:1      | Reached XP level 3. HP: 26/26 MP: 3/3
  1327 | D:2      | Reached XP level 4. HP: 33/33 MP: 4/4
  1445 | D:2      | Reached skill level 4 in Stealth
  1929 | D:3      | Noticed Natasha
  1942 | D:3      | Killed from afar by an orc wizard

Skill      XL: |  1  2  3  4 |
---------------+-------------+-----
Stealth        | 3 4 |  4.0
Fighting       | |  3.9
Polearms       | |  3.0
Dodging        | |  3.7
Shields        | |  0.9

Action                   |  1- 3 |  4- 6 || total
-------------------------+-------+-------++-------
Melee: Spear             |    76 |    38 ||   114
       Constrict         |    18 |    10 ||    28
       Tentacles         |    14 |     3 ||    17
 Stab: Sleeping          |     8 |     2 ||    10
  Eat: Chunk             |     1 |     1 ||     2
Armor: Skin              |     6 |       ||     6
Dodge: Dodged            |    42 |    35 ||    77
